AoeStats
← Kanyaga

Arena

510144541Analyzed
4v4 RM · 1d ago on Sep 29, 2026· 40m 2s· 8 players
Game mode
Random Map
Map size
Large (8 player)
Population
200
Speed
Normal
Resources
Standard
Victory
Conquest
Starting age
Dark Age
Ending age
Imperial Age
RankedLock teamsTeams togetherTeam positionsShared explorationLock speedFull tech treeHidden civsTurbo modeCheats
Victory
Defeat
🇩🇪 Danes · Germany
1413
+16
🇦🇷 Romans · Argentina
1360
+19
🇭🇰 Teutons · Hong Kong SAR China
1324
+20
1259
+22
🇩🇪 Cumans · Germany
1483
-22
🇹🇷 Wei · Türkiye
1461
-21
🇩🇪 Spanish · Germany
1397
-19
🇨🇳 Persians · China
1315
-15
+elko4+ -on the road to 0MMR
7:25 Loom
11:21 Feudal Age
12:36 Double-Bit Axe
16:30 Castle Age
17:13 Horse Collar
31:01 Wheelbarrow
32:15 Heavy Plow
38:51 Imperial Age
39:10 Bow Saw
Kempinho
9:48 Feudal Age
14:27 Castle Age
12:28 Double-Bit Axe
12:36 Horse Collar
21:26 Gold Mining
22:31 Bow Saw
22:49 Loom
23:47 Wheelbarrow
24:30 Heavy Plow
24:20 Town Watch
25:01 Hand Cart
28:50 Imperial Age
26:22 Scale Mail Armor
26:33 Forging
26:44 Stone Mining
27:00 Squires
27:32 Arson
28:03 Chain Mail Armor
29:03 Iron Casting
28:54 Masonry
29:31 Ballistics
30:05 Plate Mail Armor
29:08 Capped Ram
30:13 Conscription
29:40 Heavy Scorpion
32:20 Elite Jomsviking
32:28 Northmen's Fury
33:06 Siege Ram
35:21 Chemistry
35:43 Siege Engineers
37:22 Blast Furnace
37:29 Fletching
38:52 Bodkin Arrow
39:43 Onager
UnHappy
5:17 Loom
8:43 Feudal Age
10:33 Fletching
15:55 Wheelbarrow
21:26 Castle Age
19:28 Double-Bit Axe
19:58 Stone Mining
20:41 Horse Collar
22:23 Bow Saw
23:25 Bodkin Arrow
31:45 Imperial Age
29:55 Gold Mining
30:54 Scale Mail Armor
32:35 Ballistics
33:42 Chemistry
34:40 Chain Mail Armor
36:16 Crenellations
37:51 Forging
38:42 Plate Mail Armor
39:06 Conscription
39:59 Guilds
40:50 Two-Man Saw
LVDB_Curandero
10:14 Feudal Age
13:54 Castle Age
12:28 Loom
12:42 Double-Bit Axe
13:40 Gold Mining
19:44 Wheelbarrow
18:54 Town Watch
22:59 Bow Saw
22:30 Horse Collar
25:55 Heavy Plow
26:36 Scale Barding Armor
27:32 Redemption
31:51 Imperial Age
28:58 Pikeman
29:38 Squires
29:53 Scale Mail Armor
30:03 Forging
30:11 Hand Cart
29:52 Stone Mining
32:05 Gold Shaft Mining
32:21 Chain Mail Armor
32:41 Iron Casting
31:57 Fletching
32:22 Halberdier
33:37 Capped Ram
36:05 Blast Furnace
37:46 Crop Rotation
38:02 Conscription
39:47 Bodkin Arrow
Kanyaga
9:29 Feudal Age
8:29 Loom
11:51 Fletching
19:56 Double-Bit Axe
19:52 Horse Collar
21:24 Gold Mining
23:08 Stone Mining
30:22 Castle Age
31:40 Bow Saw
32:38 Heavy Plow
39:15 Imperial Age
CARRY_BERRY_JDV <3
11:45 Feudal Age
12:21 Horse Collar
12:54 Loom
15:43 Castle Age
13:51 Horse Collar
15:16 Double-Bit Axe
16:49 Bow Saw
18:07 Scale Barding Armor
19:51 Chain Barding Armor
20:14 Forging
22:09 Bloodlines
24:16 Wheelbarrow
24:02 Stone Mining
25:11 Gold Mining
30:19 Imperial Age
27:51 Town Watch
28:54 Iron Casting
28:44 Husbandry
29:46 Stone Shaft Mining
31:37 Plate Barding Armor
30:43 Cavalier
33:21 Hand Cart
34:08 Blast Furnace
33:14 Fletching
34:41 Heavy Plow
38:53 Conscription
38:48 Paladin
39:54 Masonry
The Viper Fanboy
7:10 Loom
11:28 Feudal Age
13:23 Double-Bit Axe
15:47 Castle Age
16:30 Horse Collar
17:03 Bow Saw
21:18 Fletching
24:30 Bodkin Arrow
25:27 Gold Mining
31:16 Imperial Age
29:39 Ballistics
30:07 Padded Archer Armor
33:01 Chemistry
32:06 Heavy Plow
32:23 Leather Archer Armor
34:13 Ring Archer Armor
34:07 Conscription
36:58 Bloodlines
37:59 Onager
39:44 Masonry
孤鸿
10:23 Feudal Age
14:44 Castle Age
13:45 Double-Bit Axe
15:36 Bow Saw
16:32 Loom
17:25 Horse Collar
20:14 Heavy Plow
20:57 Stone Mining
22:07 Gold Mining
24:23 Stone Shaft Mining
24:26 Gold Shaft Mining
24:28 Stone Shaft Mining
27:47 Wheelbarrow
26:57 Town Watch
31:50 Imperial Age
30:27 Hand Cart
31:50 Scale Barding Armor
31:56 Forging
31:46 Elite War Elephant
32:47 Conscription
33:05 Chain Barding Armor
32:47 Husbandry
32:58 Bloodlines
34:54 Two-Man Saw
34:19 Devotion
35:05 Iron Casting
35:24 Crop Rotation
35:57 Plate Barding Armor
38:14 Citadels
39:04 Blast Furnace
39:15 Hoardings
Connection lost

Rejoining the realm…

Still unreachable

The connection could not be restored.

Session expired

The server has moved on; the page needs a fresh start.